 Dungeon Crawl Stone Soup version 0.31-a0-1555-g5715333c33 (webtiles) character file.

Game seed: 6589702855166613143

41 Jannitor the Sneak (level 3, -3/33 HPs)
             Began as a Hill Orc Delver on Jan 3, 2024.
             Slain by a gnoll
             ... wielding a +0 halberd
              (10 damage)
             ... on level 2 of the Dungeon.
             The game lasted 00:02:36 (1167 turns).

Jannitor the Sneak (Hill Orc Delver)                Turns: 1167, Time: 00:02:37

Health: -3/33      AC:  5    Str: 16    XL:     3   Next: 52%
Magic:  3/3        EV: 11    Int: 10    God:
Gold:   89         SH:  0    Dex: 12    Spells: 2/2 levels left

rFire   . . .        a - +0 spear
rCold   . . .        (no shield)
rNeg    . . .        e - +0 ring mail
rPois   .            (no helmet)
rElec   .            (no cloak)
rCorr   .            (no gloves)
SInv    .            (no boots)
Will    .....        (no amulet)
Stlth   ++           (no ring)
HPRegen 0.25/turn    (no ring)
MPRegen 0.08/turn

%: no passive effects
@: mighty
A: no striking features
a: no special abilities


You were on level 2 of the Dungeon.
You visited 1 branch of the dungeon, and saw 4 of its levels.

You collected 89 gold pieces.

Inventory:

Hand Weapons
 a - a +0 spear (weapon)
Armour
 b - a +0 leather armour
 e - a +0 ring mail (worn)
Wands
 g - a wand of digging (2)
Scrolls
 c - a scroll of fog
 f - a scroll of fear
 i - a scroll of amnesia {unknown}
 j - a scroll of identify {unknown}
Potions
 d - a potion of might
 h - a potion of degeneration {unknown}


   Skills:
 + Level 4.0 Fighting
 + Level 2.8 Polearms
 + Level 1.0 Armour
 + Level 2.0 Dodging
 - Level 4.2 Stealth


You had 2 spell levels left.
You didn't know any spells.
Your spell library was empty.

Dungeon Overview and Level Annotations

Branches:
Dungeon (5/15)
 Temple: D:4-7

Altars:
Gozag


Message History

A quokka comes into view.
Found a stone staircase leading up.
A quokka is nearby!
There is an open door here.
You barely miss the quokka. The quokka bites you.
You closely miss the quokka. The quokka closely misses you.
You hit the quokka.
The quokka is severely wounded.
The quokka barely misses you. The quokka misses you.
You closely miss the quokka.
The quokka is severely wounded.
The quokka misses you.
You hit the quokka.
You kill the quokka!
No target in view!
There is a stone staircase leading up here.
You climb upwards.
There is a stone staircase leading down here.
There is an open door here.
There is a faded altar of an unknown god here.
There is an open door here.
The gnoll shouts!
You hear a shout!
You start waiting.
A gnoll is nearby!
No reachable target in view!
You hit the gnoll but do no damage. The gnoll closely misses you.
You closely miss the gnoll. The gnoll hits you with a +0 halberd!
You hit the gnoll.
The gnoll is heavily wounded.
The gnoll hits you with a +0 halberd! The gnoll attacks as it pursues you!
The gnoll hits you with a +0 halberd!
* * * LOW HITPOINT WARNING * * *
The gnoll attacks as it pursues you! The gnoll barely misses you.
It was a potion of might.
You feel very mighty all of a sudden. The gnoll closely misses you.
You barely miss the gnoll.
The gnoll is heavily wounded.
The gnoll hits you with a +0 halberd!
You die...

################ #....#.#.#.....#
###.....#.#....#.#
#.....8.#8#.8..#.# ########
#.###...#.#..@##.# #.......
#.##.###.#.###g#.# #.......
####.###.8.###.8.##.######.......
......#.###.#.###.#.........††...
.###.###...#.#...##.######.......
## #.....8.#8#.8..### #.......
###.....#.#.g..# #....... ####
#....#.#.#...# ######## ...#
##########...# #


You could see a gnoll.

Vanquished Creatures
  2 adders
  An orc (D:3)
  3 endoplasms (D:2)
  2 giant cockroaches (D:3)
  2 goblins (D:2)
  2 hobgoblins
  2 quokkas (D:3)
  2 ball pythons (D:2)
  2 bats (D:2)
  2 frilled lizards (D:2)
  A rat (D:2)
21 creatures vanquished.

Notes
Turn   | Place    | Note
-------+----------+-------------------------------------------
     0 | D:5      | Jannitor the Hill Orc Delver began the quest for the Orb.
     0 | D:5      | Reached XP level 1. HP: 19/19 MP: 1/1
    56 | D:5      | Noticed a wight
    84 | D:5      | Noticed a gnoll bouda
   111 | D:5      | Noticed an ogre
   175 | D:3      | Found an opulent altar of Gozag.
   234 | D:3      | Reached XP level 2. HP: 17/27 MP: 2/2
   661 | D:2      | Reached XP level 3. HP: 23/33 MP: 3/3
   812 | D:2      | Found a faded altar of an unknown god.
   863 | D:2      | Reached skill level 1 in Armour
  1167 | D:2      | Slain by a gnoll

Illustrated notes

Levels and vault maps discovered:
D:2:      layout_basic, shapermc_ecumenical_altar_flowoftime,
          nicolae_twisty_statue_hallways
D:3:      layout_loops_corners, grunt_gozag_statues,
          mainiacjoe_overflow_boulevard, minmay_vboxes
D:4:      layout_basic, kennysheep_little_box, uniq_pikel
D:5:      layout_basic, lemuel_mausoleum_altar_yredelemnul, serial_shops, shop,
          minmay_puff

Skill      XL: |  1  2  3 |
---------------+----------+-----
Fighting       | 4 |  4.0
Dodging        | 2 |  2.0
Armour         | 1 |  1.0
Polearms       | |  2.8
Stealth        | |  4.2

Action                     || total
---------------------------++-------
  Melee: Spear             ||   110
  Evoke: Wand              ||     1
    Use: Scroll            ||     2
         Potion            ||     2
   Stab: Sleeping          ||     4
         Distracted        ||     1
 Armour: Leather armour    ||    20
         Ring mail         ||    40
  Dodge: Dodged            ||    44

Table legend: (Time is in decaauts)
 A = Elapsed time spent in this place.
 B = Non-inter-level travel time spent in this place.
 C = Inter-level travel time spent in this place.
 D = Time resting spent in this place.
 E = Time spent auto-exploring this place.
 F = Levels seen in this place.
 G = Mean time per level.
                   A        B        C        D        E       F      G
               +--------+--------+--------+--------+--------+-----+--------+
         Total |   1143 |   1109 |     34 |    141 |    604 |   4 |  285.8 |
       Dungeon |   1143 |   1109 |     34 |    141 |    604 |   4 |  285.8 |
               +--------+--------+--------+--------+--------+-----+--------+

Top non-repeatable levels by time:
     D:3: 604 daAuts
     D:2: 419 daAuts
     D:5: 99 daAuts
     D:4: 19 daAuts
